 Seeded DCSS version 0.30.1-9-gdf580d7c3d (webtiles) character file.

Game seed: 920673320228942481 (custom seed)

43 Psyclone the Conjurer (level 3, 0/19 HPs)
             Began as a Deep Elf Conjurer on Oct 9, 2023.
             Slain by a quokka (1 damage)
             ... on level 4 of the Dungeon.
             The game lasted 00:00:14 (575 turns).

Psyclone the Conjurer (Deep Elf Conjurer)            Turns: 575, Time: 00:00:14

Health: 0/19       AC:  2    Str:  4    XL:     3   Next: 37%
Magic:  9/9        EV: 12    Int: 24    God:
Gold:   2228       SH:  0    Dex: 13    Spells: 5/8 levels left

rFire   . . .        (no weapon)
rCold   . . .        (no shield)
rNeg    . . .        a - +0 robe
rPois   .            (no helmet)
rElec   .            (no cloak)
rCorr   .            (no gloves)
SInv    .            (no boots)
Will    .....        (no amulet)
Stlth   ++           (no ring)
HPRegen 0.23/turn    (no ring)
MPRegen 0.11/turn

%: no passive effects
@: no status effects
A: no striking features
a: no special abilities


You were on level 4 of the Dungeon.
You visited 1 branch of the dungeon, and saw 4 of its levels.

You collected 2228 gold pieces.

Inventory:

Armour
 a - a +0 robe (worn)
Potions
 b - a potion of magic
 d - a potion of lignification {unknown}


   Skills:
 - Level 2.4 Dodging
 - Level 2.4 Stealth
 - Level 3.0 Spellcasting
 + Level 5.7 Conjurations


You had 5 spell levels left.
You knew the following spells:

 Your Spells              Type           Power      Damage    Failure   Level
a - Magic Dart            Conj           100%       1d8       1%          1
b - Searing Ray           Conj           62%        2d6       1%          2

Your spell library contained the following spells:

 Spells                   Type           Power      Damage    Failure   Level
 Dazzling Flash           Conj/Hex       34%        N/A       10%         3
 Fulminant Prism          Conj/Hex       8%         3d6       32%         4
 Iskenderun's Mystic Bla  Conj/Tloc      17%        2d5       32%         4


Dungeon Overview and Level Annotations

Branches:
Dungeon (4/15) Zot: 23424
 Temple: D:4-7

Altars:

Annotations:
D:4 Blork the orc


Message History

You take 6 damage, and have 7/19 hp.
MASSIVE DAMAGE!!
Something appears at your feet! The quokka barely misses you.
The quokka bites you.
* * * LOW HITPOINT WARNING * * *
The quokka closely misses you.
Blork the orc gestures wildly while chanting.
Blork the orc seems to speed up.
An adder comes into view.
The quokka barely misses you. x2
The quokka misses you. The quokka misses you. Something appears at your feet!
The quokka closely misses you.
You take 2 damage, and have 5/19 hp.
You now have 2228 gold pieces.
The quokka bites you.
* * * LOW HITPOINT WARNING * * *
You take 3 damage, and have 2/19 hp.
You can't go down here!
Unknown command.
Blork the orc looks braver for a moment.
The quokka bites you.
* * * LOW HITPOINT WARNING * * *
The quokka closely misses you. The quokka misses you.
Blork the orc miscasts a cantrip.
The quokka closely misses you. The quokka misses you.
Blork the orc looks braver for a moment.
The quokka bites you.
* * * LOW HITPOINT WARNING * * *
The quokka misses you. The quokka barely misses you.
The quokka barely misses you. The quokka closely misses you.
The adder hisses angrily.
Blork the orc screams, "I'll break your legs!"
The quokka bites you but does no damage.
The quokka barely misses you. The quokka bites you.
* * * LOW HITPOINT WARNING * * *
The quokka bites you.
You die...

##.)...# ..
##....#.# ..
##.)#### ..
##..##
##.####...# .S.
#....#####
#o###..>......
##r#.#..##.####
#@.......#.#
#.##.##.##.#
#.......##.#
#..#.......#
#######.####
..# #.# #######
#.# #.# #....[#
#.# #.# #.###.#
#!# #.#


You could see Blork the orc (fast), an adder and a quokka.

Vanquished Creatures
  A hound (D:4)
  A dart slug (D:1)
  3 orcs (D:4)
  A ball python (D:4)
  An endoplasm (D:3)
7 creatures vanquished.

Notes
Turn   | Place    | Note
-------+----------+-------------------------------------------
     0 | D:1      | Psyclone the Deep Elf Conjurer began the quest for the Orb.
     0 | D:1      | Reached XP level 1. HP: 10/10 MP: 6/6
   164 | D:4      | Noticed a hound
   169 | D:4      | Killed a hound
   170 | D:4      | Reached skill level 5 in Conjurations
   170 | D:4      | Reached XP level 2. HP: 15/15 MP: 2/8
   170 | D:4      | Reached XP level 3. HP: 19/19 MP: 2/9
   341 | D:4      | Learned a level 2 spell: Searing Ray
   545 | D:4      | Noticed Blork the orc
   549 | D:4      | Identified 3 scrolls of acquirement
   549 | D:4      | Acquired 781 gold pieces
   557 | D:4      | Acquired 797 gold pieces
   563 | D:4      | Acquired 650 gold pieces
   575 | D:4      | Slain by a quokka

Illustrated notes

Levels and vault maps discovered:
D:1:      dpeg_arrival_orchard, layout_basic
D:2:      layout_loops_corners, uniq_natasha, uniq_crazy_yiuf_cottage
D:3:      layout_basic, serial_shops, nicolae_shop_stone, shop
D:4:      layout_basic, nicolae_figureground_sparkle, uniq_sigmund, uniq_robin,
          uniq_blork_the_orc

Skill      XL: |  1 |
---------------+----+-----
Conjurations   | 5 |  5.7
Dodging        | |  2.4
Stealth        | |  2.4
Spellcasting   | |  3.0

Action                     || total
---------------------------++-------
  Melee: Unarmed           ||     2
   Cast: Magic Dart        ||    15
    Use: Scroll            ||     3
 Armour: Robe              ||     5
  Dodge: Dodged            ||    23
